 Dungeon Crawl Stone Soup version 0.29-a0-243-g602b31c20e (webtiles) character file.

Game seed: 3233749234393480202

2436 Ajdolov the Quickloader (level 9, 0/66 HPs)
             Began as a Formicid Hunter on Mar 4, 2022.
             Was a Believer of Hepliaklqana.
             Slain by a killer bee (4 damage)
             ... on level 7 of the Dungeon.
             The game lasted 00:10:04 (6240 turns).

Ajdolov the Quickloader (Formicid Hunter)           Turns: 6240, Time: 00:10:06

Health: 0/66       AC:  7    Str: 16 (18) XL:     9   Next: 77%
Magic:  9/9        EV: 11    Int:  7 (10) God:    Hepliaklqana [**....]
Gold:   306        SH:  0    Dex: 12 (15) Spells: 8/8 levels left

rFire   . . .      SeeInvis +   a - +1 hand crossbow
rCold   . . .      Faith    .   (no shield)
rNeg    . . .      Spirit   .   e - +0 ring mail
rPois   .          Reflect  .   (helmet unavailable)
rElec   .          Harm     .   h - +0 cloak
rCorr   .          Rampage  .   (no gloves)
Will    .....                   m - +0 pair of boots
Stlth   +.........              q - amulet of regeneration
HPRegen 1.01/turn               (no ring)
MPRegen 0.11/turn               (no ring)

@: lethally poisoned (0 -> -2), flying
A: reduced essence, permanent stasis, dig shafts and tunnels, antennae 3, four
strong arms
a: Dig, Shaft Self, Renounce Religion, Recall Ancestor, Ancestor Identity


You were on level 7 of the Dungeon.
You worshipped Hepliaklqana.
Hepliaklqana was pleased with you.
You visited 1 branch of the dungeon, and saw 7 of its levels.

You collected 306 gold pieces.

Inventory:

Hand Weapons
 a - a +1 hand crossbow (weapon)
Missiles
 y - a curare-tipped dart
Armour
 e - a +0 ring mail (worn)
 h - a +0 cloak (worn)
 m - a +0 pair of boots (worn)
Jewellery
 q - an amulet of regeneration (around neck)
 t - an amulet of guardian spirit
Wands
 n - a wand of iceblast (2)
Scrolls
 c - 4 scrolls of teleportation {unknown}
 d - 8 scrolls of identify {unknown}
 f - 2 scrolls of noise {unknown}
 g - 2 scrolls of blinking {unknown}
 i - a scroll of enchant armour {unknown}
 p - 4 scrolls of enchant weapon {unknown}
 s - a scroll of fear {unknown}
 u - a scroll of holy word {unknown}
 v - 2 scrolls of fog {unknown}
 w - a scroll of brand weapon {unknown}
Potions
 b - 2 potions of degeneration
 j - a potion of brilliance {unknown}
 k - 2 potions of mutation {unknown}
 l - 2 potions of haste {unknown}
 o - 2 potions of flight
 r - 2 potions of curing {unknown}
 x - 2 potions of heal wounds {unknown}


   Skills:
 + Level 8.2 Fighting
 * Level 11.0 Crossbows
 - Level 1.7 Dodging
 - Level 1.2 Stealth


You had 8 spell levels left.
You didn't know any spells.
Your spell library contained the following spells:

 Spells                   Type           Power      Damage    Failure   Level
 Apportation              Tloc           0%         N/A       65%         1
 Sandblast                Erth           0%         2d4       65%         1
 Passwall                 Tmut/Erth      0%         N/A       80%         2
 Stone Arrow              Conj/Erth      0%         3d7       95%         3
 Alistair's Intoxication  Tmut/Pois      0%         N/A       100%        5


Dungeon Overview and Level Annotations

Branches:
Dungeon (7/15)             Temple (0/1) D:7

Altars:
Dithmenos
Hepliaklqana
Nemelex Xobeh
Vehumet
Wu Jian
Xom

Annotations:
D:7 Maggie


Innate Abilities, Weirdness & Mutations

Your life essence is reduced to manifest your ancestor. (-10% HP)
You cannot be hasted, slowed, berserked, paralysed or teleported.
You can dig through walls and to a lower floor.
You have a pair of large antennae on your head. (SInv)
Your four strong arms can wield two-handed weapons with a shield.


Message History

Press: ? - help, Q - select action, (/) - cycle Shift-Dir - straight line, f/p - killer bee
Aim: a killer bee (48% to hit)
You shoot a bolt. The bolt hits the killer bee.
The killer bee is moderately wounded.
You feel sick. The killer bee barely misses you. x2
Shoot: a) +1 hand crossbow
Press: ? - help, Q - select action, (/) - cycle Shift-Dir - straight line, f/p - killer bee
Aim: a killer bee (moderately wounded, 48% to hit)
You shoot a bolt. The bolt closely misses the killer bee.
You feel sick. The killer bee barely misses you. The killer bee stings you. x2
You are more poisoned.
The killer bee poisons you! The killer bee completely misses you.
Shoot: a) +1 hand crossbow
Press: ? - help, Q - select action, (/) - cycle Shift-Dir - straight line, f/p - killer bee
Aim: a killer bee (moderately wounded, 48% to hit)
You shoot a bolt. The bolt hits the killer bee.
The killer bee is severely wounded.
You feel sick. The killer bee barely misses you.
The killer bee completely misses you. The killer bee stings you.
* * * LOW HITPOINT WARNING * * *
You are more poisoned.
The killer bee poisons you! The killer bee barely misses you.
The killer bee stings you but does no damage. x2
It was a potion of degeneration.
There was something very wrong with that liquid.
You feel weakened.
You feel dopey.
You feel clumsy.
You feel very sick. The killer bee barely misses you.
The killer bee stings you but does no damage.
The killer bee stings you.
* * * LOW HITPOINT WARNING * * *
The killer bee stings you but does no damage.
Okay, then.
Okay, then.
It was a potion of flight.
You feel very buoyant.
You fly up into the air.
* * * LOW HITPOINT WARNING * * *
You feel very sick. The killer bee stings you.
You die...

###..........##..###
#................#.## ####
#........##.........## .....
###.....##.##.##.......#....#
#.......##.#...#.##..y...y#
#.............##.#.R.#.#..#
#...........).##.....### ...#
# .###...#...)..y##†#....#
#.#
##.......>....##@y..####..# #
..........##..####### .....
..........###..### ..##.
...........##....### ..# .
.#.8.#.#........#...# ...
.W..........##.......
z8.>.8.......#.#..###
...............#...#
.#.8.##............#


You could see 2 killer bees.

Vanquished Creatures
  Eustachio (D:5)
  A water moccasin (D:5)
  An orc warrior (D:5)
  2 ogres
  A centaur (D:5)
  2 phantoms
  Blork the orc (D:4)
  3 bullfrogs
  A wight (D:7)
  2 killer bees (D:7)
  A howler monkey (D:4)
  2 jellies
  3 hounds
  An orc priest (D:5)
  Jessica (D:3)
  An iguana (D:5)
  An orc wizard (D:5)
  7 adders
  A shadow imp (D:6)
  4 white imps
  5 worms
  16 orcs
  2 ball pythons
  3 bats
  6 endoplasms
  5 hobgoblins
  7 kobolds
  6 quokkas
  2 frilled lizards (D:3)
  6 goblins
  4 rats
99 creatures vanquished.

Vanquished Creatures (collateral kills)
  A wraith (D:7)
  2 black bears
  A kobold brigand (D:7)
  2 scorpions (D:6)
  3 wights (D:7)
  A killer bee (D:7)
  A howler monkey (D:6)
  An orc wizard (D:6)
  A white imp (D:7)
  An ufetubus (D:6)
  4 orcs
  A kobold (D:7)
  2 bats (D:5)
21 creatures vanquished.

Vanquished Creatures (others)
  A knight (D:7)
  2 ancestors (D:5)
  15 fungi (D:5)
  A plant (D:4)
19 creatures vanquished.

Grand Total: 139 creatures vanquished

Notes
Turn   | Place    | Note
-------+----------+-------------------------------------------
     0 | D:1      | Ajdolov the Formicid Hunter began the quest for the Orb.
     0 | D:1      | Reached XP level 1. HP: 16/16 MP: 1/1
   166 | D:1      | Reached XP level 2. HP: 23/23 MP: 2/2
   920 | D:2      | Reached XP level 3. HP: 14/28 MP: 3/3
  1071 | D:2      | Found a faded altar of an unknown god.
  1477 | D:2      | You fall into a shaft and drop 1 floor!
  1477 | D:3      | Noticed Jessica
  1482 | D:3      | Killed Jessica
  1483 | D:3      | Reached skill level 5 in Crossbows
  1483 | D:3      | Reached XP level 4. HP: 35/35 MP: 4/4
  1657 | D:3      | Found a shimmering altar of Xom.
  1657 | D:3      | Found a shimmering altar of Xom.
  1675 | D:3      | Reached XP level 5. HP: 23/41 MP: 5/5
  1811 | D:3      | Found a shimmering altar of Xom.
  1812 | D:3      | Found a shimmering altar of Xom.
  1812 | D:3      | Found a shimmering altar of Xom.
  1813 | D:3      | Found a shimmering altar of Xom.
  1970 | D:3      | Found a radiant altar of Vehumet.
  2681 | D:4      | Reached skill level 6 in Crossbows
  2702 | D:4      | Reached XP level 6. HP: 46/48 MP: 6/6
  2826 | D:4      | Noticed Blork the orc
  3099 | D:4      | Found a hazy altar of Hepliaklqana.
  3100 | D:4      | Found a shadowy altar of Dithmenos.
  3112 | D:4      | Noticed a shadow
  3117 | D:4      | Became a worshipper of Hepliaklqana the Forgotten
  3178 | D:4      | Found a faded altar of an unknown god.
  3263 | D:4      | Killed Blork the orc
  3305 | D:4      | Noticed an ogre
  3309 | D:4      | Killed an ogre
  3310 | D:4      | Reached skill level 7 in Crossbows
  3310 | D:4      | Reached XP level 7. HP: 33/55 MP: 7/7
  3740 | D:4      | Reached skill level 5 in Fighting
  4362 | D:5      | Entered Level 5 of the Dungeon
  4484 | D:5      | Reached * piety under Hepliaklqana
  4797 | D:5      | Found a sparkling altar of Nemelex Xobeh.
  4827 | D:5      | Noticed a water moccasin
  4845 | D:5      | Killed a water moccasin
  4846 | D:5      | Reached skill level 8 in Crossbows
  4846 | D:5      | Reached XP level 8. HP: 43/57 MP: 8/8
  5262 | D:6      | Noticed Eustachio
  5284 | D:5      | Killed Eustachio
  5311 | D:6      | Reached skill level 9 in Crossbows
  5481 | D:6      | Reached XP level 9. HP: 63/63 MP: 9/9
  5625 | D:6      | Found an ornate altar of the Wu Jian Council.
  5747 | D:5      | Reached skill level 10 in Crossbows
  5797 | D:6      | Reached ** piety under Hepliaklqana
  5798 | D:6      | Remembered your ancestor Tlalli as a knight
  5972 | D:7      | Noticed Maggie
  5972 | D:7      | Found a staircase to the Ecumenical Temple.
  6235 | D:7      | Reached skill level 11 in Crossbows
  6240 | D:7      | Slain by a killer bee

Illustrated notes

Levels and vault maps discovered:
D:1:      saegor_arrival_simple_d, layout_basic, minmay_tetromino_o4
D:2:      layout_loops_ring, hellmonk_ecumenical_altar_blasted,
          dk_noncrumbling_4, st_stairs_6
D:3:      layout_basic, xom_redecorated, nicolae_vehumet_radiance, uniq_jessica
D:4:      layout_cave_pools, riverfiend_overflow_shadow_ancestor,
          serial_column_ruins, column_ruins_hut, column_ruins_temple_hut,
          column_ruins_grid_1, column_ruins_open_tiny,
          column_ruins_columns_corner, column_ruins_open_medium,
          cheibrodos_sewer_entry_bend, chequers_avenue, st_stairs_6,
          serial_bayou_pond_e, uniq_blork_the_orc
D:5:      layout_loops_ring, mainiacjoe_overflow_chevrons, serial_aquarium,
          aquarium_bridge_square [aquarium_subvault_window,
          aquarium_subvault_wall, aquarium_subvault_bridge,
          aquarium_subvault_bridge], aquarium_window_corner,
          aquarium_window_corridor_3, aquarium_window_double, aquarium_view_2b,
          aquarium_balcony_3a
D:6:      layout_rooms, nzn_wu_jian_council_hall, uniq_eustachio
D:7:      layout_cave_pools, grunt_temple_overflow_open,
          minmay_temple_entry_statues_pillars, minmay_door_square, uniq_maggie

Skill      XL: |  1  2  3  4  5  6  7  8  9 |
---------------+----------------------------+-----
Fighting       | 3 4 5 6 8 |  8.2
Crossbows      | 5 6 7 8 9 11 | 11.0
Dodging        | |  1.7
Stealth        | |  1.2

Action                   |  1- 3 |  4- 6 |  7- 9 || total
-------------------------+-------+-------+-------++-------
 Fire: Hand crossbow     |    50 |   160 |   287 ||   497
Invok: Recall Ancestor   |       |       |     1 ||     1
       Ancestor Life: Kn |       |       |     1 ||     1
 Abil: Dig               |     1 |       |     1 ||     2
Evoke: Wand              |       |     4 |     2 ||     6
  Use: Potion            |       |       |     2 ||     2
Armor: Ring mail         |    12 |    40 |    39 ||    91
       Leather armour    |     1 |       |       ||     1
Dodge: Dodged            |    13 |    81 |    83 ||   177

Table legend: (Time is in decaauts)
 A = Elapsed time spent in this place.
 B = Non-inter-level travel time spent in this place.
 C = Inter-level travel time spent in this place.
 D = Time resting spent in this place.
 E = Time spent auto-exploring this place.
 F = Levels seen in this place.
 G = Mean time per level.
                   A        B        C        D        E       F      G
               +--------+--------+--------+--------+--------+-----+--------+
         Total |   6372 |   5925 |    447 |   1036 |   3679 |   7 |  910.3 |
       Dungeon |   6372 |   5925 |    447 |   1036 |   3679 |   7 |  910.3 |
               +--------+--------+--------+--------+--------+-----+--------+

Top non-repeatable levels by time:
     D:3: 1506 daAuts
     D:4: 1089 daAuts
     D:5: 1087 daAuts
     D:2: 952 daAuts
     D:1: 909 daAuts
     D:6: 613 daAuts
     D:7: 214 daAuts
